 Dungeon Crawl Stone Soup version 0.30-a0-385-gfebfb9b408 (webtiles) character file.

Game seed: 5967949804493269347

2184 themarg the Destroyer (level 9, -2/69 HPs)
             Began as a Purple Draconian Conjurer on Dec 2, 2022.
             Was a Follower of Vehumet.
             Killed from afar by Maggie (17 damage)
             ... with a bolt of fire
             ... on level 7 of the Dungeon.
             The game lasted 00:18:40 (8170 turns).

themarg the Destroyer (Purple Draconian Conjurer)   Turns: 8170, Time: 00:18:41

Health: -2/69      AC:  9    Str: 10    XL:     9   Next: 11%
Magic:  2/17       EV: 12    Int: 29    God:    Vehumet [*.....]
Gold:   438        SH:  0    Dex: 12    Spells: 5/19 levels left

rFire   . . .      SeeInvis .    v - +1 dagger (venom)
rCold   . . .      Faith    .    (no shield)
rNeg    . . .      Spirit   .    (body armour unavailable)
rPois   .          Reflect  .    (helmet restricted)
rElec   .          Harm     .    (no cloak)
rCorr   .          Rampage  .    i - +0 pair of gloves "Atek" {Dex+3}
Will    +....                    t - +0 pair of boots
Stlth   ++........               (no amulet)
HPRegen 0.31/turn                I - +6 ring of intelligence
MPRegen 0.15/turn                (no ring)

@: no status effects
A: breathe power, AC +7, unfitting armour, cold-blooded
a: Breathe Dispelling Energy, Renounce Religion


You were on level 7 of the Dungeon.
You worshipped Vehumet.
Vehumet was aware of your devotion.
You visited 2 branches of the dungeon, and saw 8 of its levels.

You collected 438 gold pieces.

Inventory:

Hand Weapons
 d - a +0 vampiric dagger
 p - the +9 spear of Balance {elec, Will- MP+9 Str+4 Int+2}
   (You found it on level 3 of the Dungeon)

   It occasionally discharges a powerful burst of electricity upon striking a
   foe.
   Str:       It affects your strength (+4).
   Int:       It affects your intelligence (+2).
   MP:        It affects your magic capacity (+9).
   Will:      It decreases your willpower.
 v - a +1 dagger of venom (weapon)
 H - the +4 dagger "Morg" {pain, Will+ Int+5}
   (You found it on level 6 of the Dungeon)

   In the hands of one skilled in necromantic magic, it inflicts extra damage on
   living creatures.
   Int:       It affects your intelligence (+5).
   Will:      It increases your willpower.
Missiles
 c - 65 stones
 u - 2 silver boomerangs
 D - 4 boomerangs
Armour
 i - the +0 pair of gloves "Atek" (worn) {Dex+3}
   (You found it on level 2 of the Dungeon)

   Dex:       It affects your dexterity (+3).
 t - a +0 pair of boots (worn)
Magical Staves
 C - a staff of cold
Jewellery
 I - a +6 ring of intelligence (left hand)
Wands
 y - a wand of flame (48)
 A - a wand of mindburst (10)
 B - a wand of paralysis (5)
 E - a wand of acid (12)
 G - a wand of iceblast (4)
Scrolls
 f - a scroll of silence {unknown}
 h - 4 scrolls of teleportation
 j - a scroll of amnesia {unknown}
 k - a scroll of butterflies {unknown}
 l - 4 scrolls of identify {unknown}
 m - a scroll of noise {unknown}
 w - a scroll of fear {unknown}
 z - a scroll of enchant armour {unknown}
 F - a scroll of enchant weapon {unknown}
Potions
 a - 2 potions of magic
 b - 2 potions of lignification {unknown}
 e - a potion of flight {unknown}
 g - a potion of mutation {unknown}
 n - 3 potions of curing {unknown}
 o - a potion of attraction {unknown}
 q - a potion of invisibility {unknown}
 r - 4 potions of degeneration {unknown}
 s - 2 potions of heal wounds {unknown}
 x - 3 potions of brilliance {unknown}


   Skills:
 + Level 3.1 Fighting
 - Level 1.7 Dodging
 - Level 3.0 Stealth
 - Level 5.7 Spellcasting
 - Level 10.0 Conjurations
 - Level 3.0 Hexes
 + Level 1.5 Translocations
 + Level 0.9 Air Magic
 + Level 3.1 Evocations


You had 5 spell levels left.
You knew the following spells:

 Your Spells              Type           Power      Damage    Failure   Level
a - Magic Dart            Conj           100%       1d8       1%          1
b - Searing Ray           Conj           100%       2d8       1%          2
c - Fulminant Prism       Conj/Hex       23%        3d12      4%          4
d - Iskenderun's Mystic   Conj/Tloc      41%        2d9       5%          4
e - Mephitic Cloud        Conj/Pois/Air  29%        N/A       3%          3

Your spell library contained the following spells:

 Spells                   Type           Power      Damage    Failure   Level
 Kiss of Death            Conj/Necr      100%       2d13      1%          1
 Dazzling Flash           Conj/Hex       92%        N/A       1%          3
 Call Imp                 Summ           8%         N/A       9%          2


Dungeon Overview and Level Annotations

Branches:
Dungeon (7/15)             Temple (1/1) D:4

Altars:
Ashenzari
Dithmenos
Elyvilon
Fedhas
Gozag
Hepliaklqana
Makhleb
Nemelex Xobeh
Okawaru
Qazlal
Ru
Sif Muna
Trog
Uskayaw
Vehumet
Wu Jian
Xom
Yredelemnul
Zin
The Shining One

Shops:
D:7 [

Annotations:
D:5 1 runed translucent door, lunkers's ghost, amateur MeFi
D:7 Maggie


Innate Abilities, Weirdness & Mutations

You can breathe bolts of dispelling energy.
Your rich purple scales are hard. (AC +7)
You cannot fit into any form of body armour.
You are cold-blooded and may be slowed by cold attacks.


Message History

Maggie is heavily wounded.
Maggie hits you but does no damage.
Casting: Iskenderun's Mystic Blast (dangerous; 5% risk of failure)
Confirm with . or Enter, or press ? or * to list all spells.
You erupt in a blast of force!
The mystic blast hits Maggie!
Maggie is severely wounded.
Maggie is knocked back by the mystic blast.
Maggie slams into the rock wall!
Aiming: Breathe Dispelling Energy (4% risk of failure)
Press: ? - help, Shift-Dir - straight line, f - Maggie
Aim: Maggie, wielding a +1 scimitar of protection and wearing +2 steam dragon scales (severely wounded, 53% to hit)
You fail to use your ability.
A wight comes into view. It is wielding a +0 long sword.
A wight comes into view. It is wielding a +2 dagger.
Maggie hits you with a +1 scimitar of protection!
You hit Maggie but do no damage.
Maggie is poisoned.
Your tail-slap misses Maggie.
Maggie is severely wounded.
Maggie closely misses you.
You hit Maggie.
Maggie is severely wounded.
Maggie points at you and mumbles some strange words.
The bolt of fire hits you!
You hit Maggie but do no damage.
Your tail-slap misses Maggie.
Maggie is severely wounded.
Maggie casts a spell at you. The bolt of fire hits you!!
* * * LOW HITPOINT WARNING * * *
You barely miss Maggie.
Maggie is severely wounded.
Maggie gestures wildly while chanting.
Maggie attempts to bespell you!
You easily resist.
Your magical contamination has completely faded away.
You hit Maggie but do no damage.
Maggie looks as sick as possible!
Maggie is severely wounded.
Maggie hits you with a +1 scimitar of protection.
* * * LOW HITPOINT WARNING * * *
Maggie points at you and mumbles some strange words.
The bolt of fire hits you!
You die...

##.......##....#
###....####.....
##..## #.....
##..## ....#
##..## ..### #
##...# ##.
#zz.##
#...##<@##
#....@.##
####...# #...†..
#........#
#..........
#...........#
#............
#............


You could see Maggie (extremely poisoned) and 2 wights.

Vanquished Creatures
  Sigmund (D:5)
  A steam dragon (D:6)
  Duvessa (D:6)
  A sky beast (D:7)
  2 black bears
  An ogre (D:5)
  A phantom (D:5)
  Blork the orc (D:5)
  A bullfrog (D:6)
  3 necrophages (D:6)
  3 scorpions
  3 wights (D:6)
  Dowan (D:6)
  3 jellies
  A gnoll bouda (D:5)
  An orc priest (D:6)
  2 hounds
  Ijyb (D:5)
  2 iguanas (D:5)
  2 orc wizards
  11 gnolls
  8 adders
  A shadow imp (D:6)
  A white imp (D:6)
  An ufetubus (D:5)
  2 worms (D:3)
  3 dart slugs
  16 orcs
  6 ball pythons
  2 bats
  8 endoplasms
  4 giant cockroaches
  21 goblins
  8 hobgoblins
  6 jackals
  10 kobolds
  2 quokkas
  3 rats
145 creatures vanquished.

Vanquished Creatures (others)
  A hound (D:6)
  2 fulminant prisms (D:7)
3 creatures vanquished.

Grand Total: 148 creatures vanquished

Notes
Turn   | Place    | Note
-------+----------+-------------------------------------------
     0 | D:1      | themarg the Draconian Conjurer began the quest for the Orb.
     0 | D:1      | Reached XP level 1. HP: 14/14 MP: 3/3
   161 | D:1      | Reached XP level 2. HP: 20/20 MP: 0/5
   216 | D:1      | Learned a level 2 spell: Searing Ray
   807 | D:2      | Reached XP level 3. HP: 15/26 MP: 0/6
   865 | D:2      | Identified the +0 pair of gloves "Atek" {Dex+3}
  1726 | D:3      | Identified the +9 spear of Balance {elec, Will- MP+9 Str+4
                  | Int+2}
  1809 | D:3      | Reached XP level 4. HP: 33/33 MP: 0/8
  2267 | D:3      | Found a hazy altar of Hepliaklqana.
  2307 | D:3      | Found a stormy altar of Qazlal.
  2835 | D:3      | Reached skill level 5 in Conjurations
  2835 | D:3      | Reached XP level 5. HP: 37/38 MP: 5/9
  2869 | D:3      | Found a basalt altar of Yredelemnul.
  2903 | D:3      | Found a shimmering blue altar of Sif Muna.
  2903 | D:3      | Found an iron altar of Okawaru.
  3452 | D:4      | Found a staircase to the Ecumenical Temple.
  3462 | Temple   | Entered the Ecumenical Temple
  3513 | Temple   | Became a worshipper of Vehumet
  3633 | D:4      | Found a white marble altar of Elyvilon.
  3673 | D:4      | Found a broken altar of Ashenzari.
  4046 | D:4      | Found a sacrificial altar of Ru.
  4189 | D:4      | Reached XP level 6. HP: 45/45 MP: 5/12
  4474 | D:4      | Found a glowing golden altar of the Shining One.
  4474 | D:4      | Found a glowing silver altar of Zin.
  4642 | D:4      | Reached skill level 6 in Conjurations
  4942 | D:5      | Entered Level 5 of the Dungeon
  5025 | D:5      | Noticed Blork the orc
  5216 | D:5      | Your scales start taking on a rich purple colour.
  5216 | D:5      | Reached skill level 5 in Spellcasting
  5216 | D:5      | Reached XP level 7. HP: 36/50 MP: 5/15
  5309 | D:5      | Noticed Sigmund
  5321 | D:5      | Killed Sigmund
  5322 | D:5      | Reached skill level 1 in Hexes
  5409 | D:5      | Noticed lunkers's ghost (amateur MeFi)
  5410 | D:5      | Found a runed translucent door.
  5480 | D:5      | Reached skill level 7 in Conjurations
  5540 | D:5      | Noticed Ijyb
  5546 | D:5      | Killed Ijyb
  6344 | D:5      | Reached skill level 8 in Conjurations
  6344 | D:5      | Reached XP level 8. HP: 57/57 MP: 11/16
  6443 | D:5      | Killed Blork the orc
  6884 | D:6      | Reached skill level 9 in Conjurations
  6884 | D:6      | Reached * piety under Vehumet
  6884 | D:6      | Offered knowledge of Kiss of Death by Vehumet.
  7296 | D:6      | Reached skill level 10 in Conjurations
  7299 | D:6      | Reached skill level 1 in Fighting
  7299 | D:6      | Reached skill level 1 in Evocations
  7309 | D:6      | Noticed Dowan
  7310 | D:6      | Noticed Duvessa
  7430 | D:6      | Found the +4 dagger "Morg" {pain, Will+ Int+5}
  7660 | D:6      | Killed Duvessa
  7672 | D:6      | Killed Dowan
  7673 | D:6      | Reached skill level 1 in Translocations
  7673 | D:6      | Reached XP level 9. HP: 68/68 MP: 6/17
  7888 | D:7      | Learned a level 4 spell: Fulminant Prism
  7893 | D:7      | Learned a level 4 spell: Iskenderun's Mystic Blast
  7897 | D:7      | Learned a level 3 spell: Mephitic Cloud
  7910 | D:7      | Noticed Maggie
  8026 | D:7      | Found Esokolus's Antique Armour Emporium.
  8170 | D:7      | Killed from afar by Maggie

Illustrated notes

Levels and vault maps discovered:
D:1:      minmay_arrival_checkered_box, layout_rooms, dk_noncrumbling_2,
          chequers_serial_rivers_micro_b
D:2:      layout_rooms
D:3:      cheibrodos_greedy_goblins, layout_rooms,
          nicolae_qazlal_eye_of_the_storm, gammafunk_temple_overflow_statue,
          mainiacjoe_overflow_alcove_4, marbit_many_paths, kennysheep_donut
D:4:      layout_layer_cave, nicolae_ru_great_annihilating_truth,
          mainiacjoe_overflow_swirl, gammafunk_temple_overflow_pools,
          temple_statues
D:5:      layout_basic, hellmonk_ghost_happy_afterlife, grunt_tough_drop,
          uniq_ijyb, uniq_sigmund, uniq_blork_the_orc
D:6:      layout_cave_pools, uniq_duvessa
D:7:      layout_cave_pods, serial_shops, shop, nicolae_shop_advertising_works
          [nicolae_subvault_shop_adworks], kennysheep_mini,
          nicolae_diamond_shop, hangedman_misty_isle, uniq_maggie
Temple:   compressed_dpeg_circular_temple

Skill      XL: |  1  2  3  4  5  6  7  8  9 |
---------------+----------------------------+-----
Stealth        | 2 3 |  3.0
Spellcasting   | 3 4 5 |  5.7
Conjurations   | 5 6 8 10 | 10.0
Hexes          | 3 |  3.0
Fighting       | 2 3 |  3.1
Evocations     | 2 3 |  3.1
Translocations | 1 |  1.5
Dodging        | |  1.7
Air Magic      | |  0.9

Action                   |  1- 3 |  4- 6 |  7- 9 || total
-------------------------+-------+-------+-------++-------
Melee: Dagger            |    16 |     5 |     5 ||    26
 Cast: Magic Dart        |    67 |    69 |     6 ||   142
       Searing Ray       |     5 |    26 |    38 ||    69
       Iskenderun's Myst |       |       |     5 ||     5
       Fulminant Prism   |       |       |     2 ||     2
       Mephitic Cloud    |       |       |     1 ||     1
 Abil: Breathe Dispellin |       |       |     3 ||     3
  Use: Scroll            |       |     1 |       ||     1
Armor: Skin              |     9 |     8 |    14 ||    31
Dodge: Dodged            |    23 |    12 |    35 ||    70

Table legend: (Time is in decaauts)
 A = Elapsed time spent in this place.
 B = Non-inter-level travel time spent in this place.
 C = Inter-level travel time spent in this place.
 D = Time resting spent in this place.
 E = Time spent auto-exploring this place.
 F = Levels seen in this place.
 G = Mean time per level.
                   A        B        C        D        E       F      G
               +--------+--------+--------+--------+--------+-----+--------+
         Total |   8176 |   7971 |    205 |   1097 |   5826 |   8 | 1022.0 |
       Dungeon |   8084 |   7893 |    191 |   1097 |   5763 |   7 | 1154.9 |
        Temple |     91 |     77 |     14 |      0 |     63 |   1 |   91.0 |
               +--------+--------+--------+--------+--------+-----+--------+

Top non-repeatable levels by time:
     D:5: 2127 daAuts
     D:4: 1677 daAuts
     D:3: 1456 daAuts
     D:6: 1022 daAuts
     D:2: 929 daAuts
     D:1: 790 daAuts
  Temple: 91 daAuts
     D:7: 81 daAuts
